 Dungeon Crawl Stone Soup version 0.27.1-33-g824d729ab1 (webtiles) character file.

Game seed: 16853391959671180501

42925 raph the Basher (level 13, 0/111 HPs)
             Began as a Troll Warper on Dec 21, 2021.
             Was the Champion of Hepliaklqana.
             Slain by a phantasmal warrior (19 damage)
             ... led by a death knight
             ... on level 11 of the Dungeon.
             The game lasted 00:43:36 (23068 turns).

raph the Basher (Troll Warper)                     Turns: 23068, Time: 00:43:36

Health: 0/111      AC: 13    Str: 22    XL:     13   Next: 88%
Magic:  13/14      EV: 14    Int:  9    God:    Hepliaklqana [******]
Gold:   1260       SH: 11    Dex: 13    Spells: 4/15 levels left

rFire    . . .     SeeInvis +   b - +0 morningstar
rCold    . . .     Faith    .   P - +0 kite shield
rNeg     . . .     Spirit   .   Z - +0 acid dragon scales
rPois    .         Reflect  .   R - +0 mask of the Dragon {Will+ Slay+3 SInv}
rElec    .         Harm     .   T - +0 cloak
rCorr    +         Rampage  .   (gloves unavailable)
Will     .....                  (boots unavailable)
Stlth    +.........             l - amulet of magic regeneration
HPRegen  1.28/turn              i - +4 ring of protection
MPRegen  0.39/turn              q - +4 ring of evasion

@: weak-willed, studying Shields
A: reduced essence, large, unfitting armour, claws 3, regeneration 1, shaggy fur
1, tough skin 1
a: Renounce Religion, Recall Ancestor, Ancestor Identity, Transference, Idealise


You were on level 11 of the Dungeon.
You worshipped Hepliaklqana.
Hepliaklqana was exalted by your worship.
You visited 2 branches of the dungeon, and saw 17 of its levels.
You also visited: Sewer.

You collected 1332 gold pieces.
You spent 72 gold pieces at shops.

Inventory:

Hand Weapons
 a - a +7 mace of venom
 b - a +0 morningstar (weapon)
 e - a +0 mace
 s - a +0 flail of venom
 G - a +0 giant spiked club
Missiles
 d - 5 boomerangs of dispersal
 p - 511 stones
 A - 71 poisoned darts (quivered)
 V - 4 large rocks
 W - 6 javelins
 X - a curare-tipped dart
Armour
 v - a scarf of repulsion
 y - a +1 robe
 E - +0 steam dragon scales
 P - a +0 kite shield (worn)
 R - the +0 mask of the Dragon (worn) {Will+ Slay+3 SInv}
   (You found it on level 9 of the Dungeon)

   Slay:      It affects your accuracy & damage with ranged weapons and melee
   (+3).
   SInv:      It lets you see invisible.
   Will:      It increases your willpower.
 T - a +0 cloak (worn)
 U - a +0 tower shield
 Z - +0 acid dragon scales (worn)
Jewellery
 g - a ring of positive energy
 i - a +4 ring of protection (left claw)
 l - an amulet of magic regeneration (around neck)
 m - a ring of protection from cold
 q - a +4 ring of evasion (right claw)
 H - a ring of fire
 S - a ring of fire
Wands
 t - a wand of iceblast (4)
 w - a wand of paralysis (4)
 x - a wand of charming (13)
 K - a wand of flame (17)
 L - a wand of mindburst (17)
 O - a wand of polymorph (9)
Scrolls
 c - 3 scrolls of blinking
 f - a scroll of magic mapping
 o - 8 scrolls of teleportation
 B - a scroll of immolation
 I - 2 scrolls of holy word
 J - a scroll of identify
 Y - a scroll of enchant weapon
Potions
 h - 7 potions of ambrosia
 j - 2 potions of lignification
 k - a potion of mutation
 n - 2 potions of brilliance
 r - a potion of cancellation
 u - 3 potions of haste
 z - 2 potions of magic
 C - a potion of invisibility
 D - 2 potions of might
 F - a potion of flight {unknown}
 M - 2 potions of resistance
 Q - a potion of attraction
Miscellaneous
 N - a box of beasts (inert)


   Skills:
 + Level 7.2 Fighting
 - Level 14.7 Maces & Flails
 + Level 6.4 Throwing
 - Level 1.2 Armour
 - Level 2.5 Dodging
 - Level 9.0 Shields
 + Level 1.8 Spellcasting
 * Level 9.5 Translocations


You had 4 spell levels left.
You knew the following spells:

 Your Spells              Type           Power      Damage    Failure   Level
a - Blink                 Tloc           N/A        N/A       1%          2
b - Gell's Gravitas       Tloc           8%         N/A       2%          3
c - Lesser Beckoning      Tloc           8%         N/A       2%          3
d - Teleport Other        Tloc           17%        N/A       2%          3

Your spell library contained the following spells:

 Spells                   Type           Power      Damage    Failure   Level
 Apportation              Tloc           34%        N/A       1%          1
 Animate Skeleton         Necr           0%         N/A       41%         1
 Pain                     Necr           0%         1d4       41%         1
 Summon Small Mammal      Summ           0%         N/A       41%         1
 Slow                     Hex            0%         N/A       54%         2
 Call Canine Familiar     Summ           0%         N/A       78%         3
 Inner Flame              Hex/Fire       0%         N/A       78%         3
 Summon Guardian Golem    Hex/Summ       0%         N/A       78%         3
 Vampiric Draining        Necr           0%         2d6       78%         3
 Animate Dead             Necr           0%         N/A       99%         4
 Leda's Liquefaction      Hex/Erth       0%         N/A       99%         4
 Sticky Flame             Conj/Fire      0%         2d3       99%         4
 Manifold Assault         Tloc           17%        N/A       24%         5
 Alistair's Intoxication  Tmut/Pois      0%         N/A       100%        5
 Borgnjor's Vile Clutch   Necr/Erth      0%         N/A       100%        5
 Death Channel            Necr           0%         N/A       100%        6
 Invisibility             Hex            0%         N/A       100%        6
 Storm Form               Tmut/Air       0%         N/A       100%        7


Dungeon Overview and Level Annotations

Branches:
Dungeon (12/15)            Temple (0/1) D:7            Lair (5/6) D:8
  Swamp (0/4) Lair:3       Spider (0/4) Lair:2        Sewer (visited)
  Slime: Lair:5-6       Orc: D:9-12

Altars:
Dithmenos
Elyvilon
Hepliaklqana
Nemelex Xobeh
Qazlal
Vehumet
Wu Jian
Xom
Zin

Shops:
D:10 [

Annotations:
D:8 2 transporters, othur's ghost, novice DECj
D:9 exclusion: orange crystal statue
Lair:2 exclusion: 4 oklob plants
Lair:3 exclusion: 2 oklob plants
Lair:4 exclusion: 2 oklob plants


Innate Abilities, Weirdness & Mutations

Your life essence is reduced to manifest your ancestor. (-10% HP)
You are too large for most types of armour.
You have claws for hands.
Your natural rate of healing is unusually fast.
You are covered in fur. (AC +1)
You have tough skin. (AC +1)


Message History

The phantasmal warrior hits you!
You hit the phantasmal warrior but do no damage.
You hit the phantasmal warrior.
The phantasmal warrior is lightly damaged.
The phantasmal warrior closely misses you.
Cuetlachtli points at the phantasmal warrior and mumbles some strange words.
The phantasmal warrior resists with almost no effort.
You hit the phantasmal warrior but do no damage.
The phantasmal warrior is lightly damaged.
The phantasmal warrior hits you!!
Cuetlachtli casts a spell at the phantasmal warrior.
The phantasmal warrior resists with almost no effort.
You are too injured to fight recklessly!
You are too injured to fight recklessly!
You are too injured to fight recklessly!
You are too injured to fight recklessly!
You are too injured to fight recklessly!
You are too injured to fight recklessly!
You hit the phantasmal warrior but do no damage.
The phantasmal warrior is lightly damaged.
The phantasmal warrior hits you!!
* * * LOW HITPOINT WARNING * * *
You barely miss the phantasmal warrior.
The phantasmal warrior is lightly damaged.
Cuetlachtli barely misses the phantasmal warrior.
The phantasmal warrior barely misses you.
Cuetlachtli hits the phantasmal warrior with a +0 dagger of draining.
Cuetlachtli points at the phantasmal warrior and mumbles some strange words.
The phantasmal warrior resists with almost no effort.
The phantasmal warrior blinks!
The phantasmal warrior blinks!
The phantasmal warrior hits you!!
* * * LOW HITPOINT WARNING * * *
Casting: Blink (safe; 1% risk of failure)
Confirm with . or Enter, or press ? or * to list all spells.
You blink.
Unknown command.
The phantasmal warrior blinks!
The phantasmal warrior hits you!!
You die...

.....#..#...#.............'......
.....#..######.############......
.##'##..##..##.###...##..##......
.##.##..##............+..........
.............ยง........#..##...##.
[.......##..##.#########'####+##.
)##.....##..##.###..###..##......
[##.....##.....R.#...............
.....>.........W@.............##.
........##..##..#..###...##...##.
........##############...##...##.
.........# #..>...######..
.######### #.......# #..
.###.....# ##.....## ###
...#....<# ####### ...#....##
...#..)..#


You could see the friendly Cuetlachtli the hexer (weak-willed) and a phantasmal
warrior (ally target).

Vanquished Creatures
  4 hydras
  4 two-headed ogres
  A death knight (D:11)
  8 death yaks
  A boulder beetle (D:11)
  A deep elf knight (D:11)
  A manticore (D:7)
  A cyclops (D:11)
  4 black mambas
  2 elephants (Lair:2)
  10 cane toads
  A torpor snail (Lair:3)
  A molten gargoyle (Lair:2)
  2 kobold demonologists (D:10)
  3 rime drakes
  6 komodo dragons
  A queen bee (Lair:2)
  A polar bear (Lair:4)
  2 trolls
  5 blink frogs
  A shadow (D:11)
  A vampire (D:11)
  21 yaks
  3 wraiths
  8 wyverns
  A basilisk (Lair:2)
  5 vampire mosquitoes (Lair:3)
  3 steam dragons
  2 acid dragons
  7 water moccasins
  An ice beast (D:7)
  A black bear (Lair:4)
  A sky beast (D:8)
  5 orc warriors
  A necrophage (D:3)
  3 wolves
  3 ogres
  4 centaurs
  12 bullfrogs
  2 kobold brigands (D:8)
  A gnoll sergeant (D:10)
  3 scorpions
  A wyvern zombie (D:7)
  A water moccasin skeleton (D:6)
  31 killer bees
  12 wights
  2 electric eels
  6 howler monkeys
  5 centaur zombies
  4 orc priests
  A gnoll shaman (D:7)
  2 jellies
  3 hounds
  2 bullfrog skeletons (D:5)
  An iguana (D:6)
  3 orc wizards
  A howler monkey zombie (D:9)
  8 adders
  2 white imps
  2 ufetubi
  An adder skeleton (D:4)
  2 worms
  18 orcs
  5 ball pythons
  5 endoplasms
  6 giant cockroaches
  12 goblins
  3 hobgoblins
  13 jackals
  11 kobolds
  3 quokkas
  9 bats
  14 frilled lizards
  3 rats
  A toadstool (D:9)
341 creatures vanquished.

Vanquished Creatures (collateral kills)
  A hydra (Lair:4)
  Erica (D:11)
  A two-headed ogre (D:9)
  A death yak (Lair:2)
  Urug (D:11)
  An orc knight (D:11)
  Joseph (D:11)
  A komodo dragon (Lair:5)
  2 yaks
  Grum (D:9)
  3 basilisks
  A water moccasin (Lair:2)
  A necrophage (D:7)
  A wolf (D:9)
  2 centaurs
  A kobold brigand (D:11)
  5 bullfrogs
  A scorpion (D:5)
  A wyvern skeleton (D:7)
  A water moccasin zombie (D:5)
  A water moccasin skeleton (D:6)
  A killer bee (Lair:2)
  2 wights (D:10)
  2 centaur zombies
  A lava snake (Lair:2)
  A hound (D:7)
  Ijyb (D:4)
  A centaur skeleton (D:7)
  3 orc wizards
  6 orcs
  A bat (Lair:1)
  An endoplasm (D:4)
  A goblin (D:4)
  A kobold (D:4)
  A quokka (D:4)
52 creatures vanquished.

Vanquished Creatures (others)
  Harold (D:11)
  16 hexers
  30 fungi
  41 plants
  3 toadstools (D:9)
91 creatures vanquished.

Grand Total: 484 creatures vanquished

Notes
Turn   | Place    | Note
-------+----------+-------------------------------------------
     0 | D:1      | raph the Troll Warper began the quest for the Orb.
     0 | D:1      | Reached XP level 1. HP: 19/19 MP: 1/1
    76 | D:1      | Reached skill level 2 in Maces & Flails
   267 | D:1      | Reached XP level 2. HP: 27/27 MP: 2/2
   270 | D:1      | Found a faded altar of an unknown god.
   461 | D:1      | Learned a level 2 spell: Blink
   940 | D:2      | Reached skill level 3 in Maces & Flails
  1008 | D:2      | Reached XP level 3. HP: 33/33 MP: 3/3
  1084 | D:2      | Found a hazy altar of Hepliaklqana.
  1433 | D:2      | Became a worshipper of Hepliaklqana the Forgotten
  1505 | D:3      | Found a glowing drain.
  1523 | Sewer    | Entered a sewer
  1656 | Sewer    | Reached XP level 4. HP: 41/41 MP: 4/4
  1659 | Sewer    | Reached skill level 4 in Maces & Flails
  2347 | D:3      | Noticed a necrophage
  2354 | D:3      | Killed a necrophage
  2355 | D:3      | Reached skill level 5 in Maces & Flails
  2355 | D:3      | Reached XP level 5. HP: 35/48 MP: 5/5
  2809 | D:3      | Noticed an ogre
  3029 | D:4      | Reached * piety under Hepliaklqana
  3232 | D:4      | Reached XP level 6. HP: 11/49 MP: 6/6
  3607 | D:4      | Reached skill level 6 in Maces & Flails
  3802 | D:4      | Noticed Ijyb
  3809 | D:4      | Killed Ijyb
  3871 | D:5      | Entered Level 5 of the Dungeon
  3889 | D:5      | Reached skill level 7 in Maces & Flails
  3889 | D:5      | Reached XP level 7. HP: 40/55 MP: 7/7
  4065 | D:5      | Reached ** piety under Hepliaklqana
  4066 | D:5      | Remembered your ancestor Cuetlachtli as a hexer
  4136 | D:5      | Reached skill level 8 in Maces & Flails
  4784 | D:6      | Reached XP level 8. HP: 63/63 MP: 8/8
  4805 | D:6      | Found a radiant altar of Vehumet.
  4819 | D:6      | Reached skill level 9 in Maces & Flails
  4897 | D:6      | Found a sparkling altar of Nemelex Xobeh.
  4898 | D:6      | Found a glowing silver altar of Zin.
  4898 | D:6      | Found a shadowy altar of Dithmenos.
  4898 | D:6      | Found a white marble altar of Elyvilon.
  4900 | D:6      | Found a stormy altar of Qazlal.
  4901 | D:6      | Found a shimmering altar of Xom.
  5390 | D:5      | Noticed a rust devil
  5390 | D:5      | Noticed a rust devil
  5716 | D:7      | Got the Volume of Igneous Enchantment
  5874 | D:7      | Reached skill level 10 in Maces & Flails
  5906 | D:7      | Found an ornate altar of the Wu Jian Council.
  5971 | D:7      | Reached *** piety under Hepliaklqana
  6022 | D:7      | Noticed a manticore
  6030 | D:7      | Killed a manticore
  6031 | D:7      | Reached skill level 11 in Maces & Flails
  6031 | D:7      | Reached XP level 9. HP: 61/68 MP: 9/9
  6040 | D:7      | Found a staircase to the Ecumenical Temple.
  6476 | D:8      | Found a staircase to the Lair.
  6556 | D:8      | Reached skill level 12 in Maces & Flails
  6738 | D:8      | Found a hazy altar of Hepliaklqana.
  6875 | D:8      | Found a faded altar of an unknown god.
  7048 | D:8      | Noticed othur's ghost (novice DECj)
  7050 | D:8      | Found a transporter.
  7054 | D:8      | Found a transporter.
  7064 | D:8      | Noticed a two-headed ogre
  7074 | D:8      | Killed a two-headed ogre
  7075 | D:8      | Reached skill level 13 in Maces & Flails
  7075 | D:8      | Reached XP level 10. HP: 58/76 MP: 10/10
  7196 | D:8      | Noticed a two-headed ogre
  7205 | D:8      | Killed a two-headed ogre
  7788 | Lair:1   | Entered Level 1 of the Lair of Beasts
  7788 | Lair:1   | Reached **** piety under Hepliaklqana
  8352 | Lair:1   | Reached skill level 14 in Maces & Flails
  8590 | Lair:1   | Noticed a black mamba
  8603 | Lair:1   | Noticed a cane toad
  8606 | Lair:1   | Killed a black mamba
  8667 | Lair:1   | Killed a cane toad
  9306 | Lair:2   | Reached XP level 11. HP: 51/83 MP: 11/11
 10839 | Lair:2   | Learned a level 3 spell: Gell's Gravitas
 10916 | Lair:2   | Reached skill level 5 in Translocations
 10952 | Lair:2   | Reached skill level 1 in Throwing
 11153 | Lair:2   | Noticed an oklob plant
 11155 | Lair:2   | Noticed an oklob plant
 11171 | Lair:2   | Noticed an oklob plant
 11171 | Lair:2   | Noticed an oklob plant
 11432 | Lair:2   | Learned a level 3 spell: Lesser Beckoning
 11726 | Lair:2   | Found a hole to the Spider Nest.
 12194 | Lair:3   | Reached ***** piety under Hepliaklqana
 12354 | Lair:3   | Noticed an oklob plant
 12355 | Lair:3   | Noticed a five-headed hydra
 12359 | Lair:3   | Noticed an oklob plant
 12360 | Lair:3   | Noticed an eight-headed hydra
 12376 | Lair:3   | Killed an eight-headed hydra
 12382 | Lair:3   | Killed a five-headed hydra
 12383 | Lair:3   | Reached XP level 12. HP: 99/99 MP: 12/12
 12388 | Lair:3   | Reached skill level 5 in Fighting
 12877 | Lair:3   | Found a staircase to the Swamp.
 13182 | Lair:3   | Noticed a death yak
 13183 | Lair:3   | Noticed a death yak
 13183 | Lair:3   | Noticed a death yak
 13240 | Lair:2   | Learned a level 3 spell: Teleport Other
 13262 | Lair:2   | Killed a death yak
 13510 | Lair:2   | Killed a death yak
 13794 | Lair:3   | Noticed an eight-headed hydra
 13802 | Lair:3   | Killed an eight-headed hydra
 14207 | Lair:3   | Noticed a death yak
 14209 | Lair:3   | Noticed a death yak
 14210 | Lair:3   | Noticed a death yak
 14237 | Lair:3   | Killed a death yak
 14255 | Lair:3   | Killed a death yak
 14263 | Lair:3   | Killed a death yak
 14449 | Lair:3   | Killed a death yak
 14670 | Lair:4   | Reached skill level 5 in Throwing
 15299 | Lair:4   | Noticed a seven-headed hydra
 15315 | Lair:4   | Killed a seven-headed hydra
 15516 | Lair:4   | Noticed an eight-headed hydra
 15532 | Lair:4   | Reached XP level 13. HP: 15/110 MP: 13/13
 15733 | Lair:4   | Found a sparkling altar of Nemelex Xobeh.
 17045 | Lair:5   | Reached skill level 1 in Armour
 17617 | Lair:5   | Reached ****** piety under Hepliaklqana
 18865 | D:9      | Found the +0 mask of the Dragon {Will+ Slay+3 SInv}
 19339 | D:9      | Noticed Grum
 19349 | D:9      | Killed Grum
 19798 | D:9      | Reached skill level 5 in Shields
 20181 | D:10     | Entered Level 10 of the Dungeon
 20613 | D:10     | Found Usetyog's Armour Shop.
 20646 | D:10     | Bought a +0 cloak for 72 gold pieces
 21280 | D:11     | Noticed Erica
 21285 | D:11     | Noticed Harold
 21312 | D:11     | HP: 2/107 [deep elf knight/shard of ice (44)]
 21549 | D:11     | Noticed Urug
 21588 | D:11     | Killed Urug
 21605 | D:11     | Killed Erica
 21766 | D:11     | Noticed Joseph
 21777 | D:11     | Killed Harold
 21785 | D:11     | Killed Joseph
 23068 | D:11     | Slain by a phantasmal warrior

Illustrated notes

Levels and vault maps discovered:
D:1:      dpeg_arrival_yet_another_circle, layout_rooms,
          shapermc_ecumenical_altar_totnotflames, hangedman_decor_diamond_cutter
D:2:      layout_basic, basic_altar, kennysheep_crisscross
D:3:      layout_basic, portal_sewer_entry_f, kennysheep_another_room
D:4:      layout_cave_pods, uniq_ijyb
D:5:      cheibrodos_iron_armory, layout_rooms, minmay_misc_feat_tiny
D:6:      layout_cave_pods, minitemple, minmay_lizard_king
D:7:      kennysheep_spiral_hall, layout_gridville,
          mainiacjoe_overflow_alcove_1, minmay_temple_entry_overgrown
D:8:      minmay_polygon_palace, layout_basic,
          beargit_hepliaklqana_dungeon_heroes, gammafunk_ghost_smash
D:9:      layout_irregular_city, st_stairs_13, minmay_gold_behind_fungi,
          disabler_island, uniq_grum
D:10:     layout_loops_cross, kennysheep_small_square
D:11:     layout_gridville, sword_in_stone
D:12:     layout_cave_pools, erik_orc_1
Lair:1:   layout_loops_ring, roderic_batcave, grunt_megastairs_4,
          infiniplex_staircase_pool
Lair:2:   hangedman_what_comes_after_a, layout_gridlike,
          spider_nest_entry_web_field, st_stairs_13, uniq_harold
Lair:3:   layout_chaotic_city, minmay_swamp_entry_swarm,
          minmay_lair_oklob_chamber
Lair:4:   layout_small_grid, lemuel_oklob_altar, grunt_megastairs_1
Lair:5:   layout_layer_cave

Skill      XL: |  1  2  3  4  5  6  7  8  9 10 11 12 13 |
---------------+----------------------------------------+-----
Maces & Flails | 2 3 5 7 8 11 13 14 | 14.7
Fighting       | 2 4 6 7 |  7.2
Translocations | 6 8 9 |  9.5
Throwing       | 3 5 6 |  6.4
Dodging        | 2 |  2.5
Armour         | 1 |  1.2
Shields        | 9 |  9.0
Spellcasting   | |  1.8

Action                   |  1- 3 |  4- 6 |  7- 9 | 10-12 | 13-15 || total
-------------------------+-------+-------+-------+-------+-------++-------
Melee: Mace              |    94 |   116 |   252 |   627 |   317 ||  1406
       Giant spiked club |       |       |       |     2 |       ||     2
       Morningstar       |       |       |       |       |    19 ||    19
Throw: Dart              |       |       |       |    31 |    66 ||    97
       Large rock        |       |       |       |       |     3 ||     3
 Cast: Blink             |       |       |       |     3 |     2 ||     5
       Teleport Other    |       |       |       |     1 |       ||     1
Invok: Ancestor Life: He |       |       |     1 |       |       ||     1
       Recall Ancestor   |       |       |       |     1 |     1 ||     2
Evoke: Wand              |       |       |       |     4 |     1 ||     5
       Box of beasts     |       |       |       |       |     1 ||     1
  Use: Scroll            |     6 |     5 |    10 |     8 |     7 ||    36
       Potion            |       |       |     1 |     7 |     2 ||    10
 Stab: Sleeping          |       |     1 |     1 |       |       ||     2
       Distracted        |       |       |     1 |     4 |     4 ||     9
       Confused          |       |       |       |    10 |     3 ||    13
Armor: Robe              |    37 |    43 |    59 |       |       ||   139
       Steam dragon scal |       |       |    12 |   246 |    78 ||   336
       Acid dragon scale |       |       |       |       |     2 ||     2
Dodge: Dodged            |    34 |    55 |   188 |   476 |   167 ||   920
       Repelled          |       |       |     1 |     6 |     1 ||     8
Block: Kite shield       |       |       |       |       |   132 ||   132
